Map: Аура смерти РВ

Players

Lopatqa - Winner!

  • Race: Protoss Protoss
  • League: Master
  • Spawn Location: 11:00

Kantara

  • Race: Protoss Protoss
  • League: Diamond
  • Spawn Location: 5:00

VOD

Have the link to the VOD?

Description

Time

  • Played on: Dec. 5, 2020, 7:15 a.m.
  • Length: 3:09
Show
View Real Time Build Order
Export as new Build Order

Lopatqa Protoss - Winner!

Build Orders:  

Get SALT Encoding   

  12  0:00  Probe  
  13  0:12  Probe  
  14  0:17  Pylon  
  14  0:25  Probe (Chrono Boost)  
  15  0:35  Probe (Chrono Boost)  
  16  0:37  Gateway  
  16  0:42  Probe  
  16  0:48  Assimilator  
  17  0:54  Probe  
  17  0:55  Assimilator  
  18  1:06  Probe  
  19  1:12  Gateway  
  19  1:18  Probe  
  20  1:26  Cybernetics Core  
  20  1:31  Zealot (Chrono Boost)  
  22  1:38  Pylon  
  22  1:45  Probe  
  21  2:02  Stalker (Chrono Boost)  
  23  2:08  Pylon  
  23  2:26  Stalker (Chrono Boost)  
  23  2:28  Stalker (Chrono Boost)  
  25  2:41  Probe  
  26  2:48  Gateway  
  26  2:53  Probe  
Show
View Real Time Build Order
Export as new Build Order

Kantara Protoss 

Build Orders:  

Get SALT Encoding   

  12  0:01  Probe (Chrono Boost)  
  13  0:12  Probe (Chrono Boost)  
  14  0:23  Pylon  
  14  0:25  Probe  
  15  0:41  Forge  
  15  1:04  Pylon  
  15  1:05  Pylon  
  15  1:24  Photon Cannon  
  15  1:26  Gateway  
  15  1:32  Pylon  
  14  2:07  Probe (Chrono Boost)  
  15  2:16  Assimilator  
  15  2:17  Assimilator  
  15  2:18  Pylon  
  15  2:24  Zealot (Chrono Boost)  
  17  2:39  Probe  
  17  2:43  Cybernetics Core  
  18  2:49  Pylon  
Tags
 
Add a new tag
Caveats
  • Supply blocks, unpowered buildings, or Contaminate may cause inaccurate times.
  • Supply counts are checked every 10 seconds.